[Event "7th Iberoamerican-ch 2019"]
[Site "Linares"]
[Date "2019.08.11"]
[Round "2.36"]
[White "Lacayo, Rene"]
[Black "Silva, Goncalo Nuno Neto Pi"]
[Result "1/2-1/2"]
[ECO "A41"]
[WhiteElo "2240"]
[BlackElo "2085"]
[Annotator "NA"]
[PlyCount "61"]
[EventDate "2019.08.10"]
[EventType "swiss"]
[EventCountry "ESP"]
[SourceTitle "playchess.com"]
[Source "ChessBase"]
[SourceQuality "1"]
[TimeControl "5400+30"]

1. d4 d6 2. Nf3 Nf6 3. c4 g6 4. Nc3 Bg7 5. Bf4 O-O 6. e3 Nbd7 7. Be2 c6 8. O-O h6 9. h3 c5 10. d5 a6 11. a4 Qc7 12. e4 Ne5 13. Nd2 e6 14. Bh2 exd5 15. cxd5 Re8 16. f4 Ned7 17. Qc2 Rb8 18. Nc4 b5 19. axb5 axb5 20. Nxd6 Qxd6 21. e5 Qb6 22. exf6 c4+ 23. Kh1 Nxf6 24. f5 Bxf5 25. Rxf5 gxf5 26. Rf1 Rbd8 27. Rxf5 b4 28. Na4 b3 29. Qxc4 Qe3 30. Bd3 Rc8 31. Qb5 1/2-1/2

[Event "7th Iberoamerican-ch 2019"]
[Site "Linares"]
[Date "2019.08.11"]
[Round "2.37"]
[White "Jesus Reyes, Javier"]
[Black "Almagro Mazariegos, Sebastian"]
[Result "1/2-1/2"]
[ECO "E90"]
[WhiteElo "2026"]
[BlackElo "2268"]
[Annotator "NA"]
[PlyCount "131"]
[EventDate "2019.08.10"]
[EventType "swiss"]
[EventCountry "ESP"]
[SourceTitle "playchess.com"]
[Source "ChessBase"]
[SourceQuality "1"]
[TimeControl "5400+30"]

1. d4 Nf6 2. c4 g6 3. Nc3 Bg7 4. e4 d6 5. Nf3 O-O 6. g3 Nbd7 7. Bg2 e5 8. O-O exd4 9. Nxd4 Re8 10. Nc2 a6 11. Ne3 Rb8 12. Qc2 c5 13. f4 b5 14. Bd2 b4 15. Ncd5 Nxd5 16. cxd5 Bd4 17. Rae1 a5 18. Kh1 Ba6 19. Nc4 Nb6 20. Nxa5 Bxf1 21. Rxf1 Rc8 22. Bh3 Nxd5 23. Bxc8 Qxa5 24. exd5 Rxc8 25. a3 Qa8 26. Qe4 bxa3 27. bxa3 Qxa3 28. f5 Qa2 29. fxg6 hxg6 30. Bh6 Be5 31. Qf3 Qa7 32. h4 Qd7 33. Kg2 Rb8 34. Bc1 c4 35. h5 Rb3 36. Be3 Rb2+ 37. Kg1 Bg7 38. g4 Rb3 39. Re1 Bd4 40. Kf2 Qe7 41. hxg6 fxg6 42. Qf4 Qh4+ 43. Kf1 Qh3+ 44. Kf2 Rb2+ 45. Re2 Rxe2+ 46. Kxe2 Qg2+ 47. Ke1 Bxe3 48. Qxe3 Qxd5 49. Qe8+ Kg7 50. Qe7+ Qf7 51. Qxd6 Qe8+ 52. Kd2 Qe4 53. g5 Qg2+ 54. Kc3 Qxg5 55. Kxc4 Qc1+ 56. Kb3 Qb1+ 57. Kc3 Qa1+ 58. Kd2 Qb2+ 59. Ke3 Qc3+ 60. Kf4 Qc1+ 61. Kg4 Qg1+ 62. Qg3 Qd1+ 63. Qf3 Qd7+ 64. Kg5 Qb5+ 65. Kg4 Qe5 66. Qb7+ 1/2-1/2

[Event "7th Iberoamerican-ch 2019"]
[Site "Linares"]
[Date "2019.08.11"]
[Round "2.38"]
[White "Balbuena Fuentes, Mario"]
[Black "Avila Fraire, Ameyalli"]
[Result "1-0"]
[ECO "B24"]
[WhiteElo "2266"]
[BlackElo "2038"]
[Annotator "NA"]
[PlyCount "119"]
[EventDate "2019.08.10"]
[EventType "swiss"]
[EventCountry "ESP"]
[SourceTitle "playchess.com"]
[Source "ChessBase"]
[SourceQuality "1"]
[TimeControl "5400+30"]

1. e4 c5 2. Nc3 Nc6 3. Bb5 a6 4. Bxc6 bxc6 5. f4 d5 6. d3 e6 7. Nf3 Nf6 8. O-O g6 9. e5 Nd7 10. b3 Bg7 11. Na4 Qa5 12. Qe1 Qxe1 13. Rxe1 Rb8 14. c4 Bf8 15. Ba3 a5 16. Rac1 Ba6 17. Red1 Rc8 18. g4 Be7 19. g5 h6 20. h4 Kd8 21. Kg2 h5 22. Ne1 Rc7 23. Rc2 Re8 24. Rdc1 Kc8 25. cxd5 cxd5 26. Nxc5 Bxc5 27. Bxc5 Kb7 28. Bd6 Rxc2+ 29. Rxc2 Rc8 30. Rxc8 Kxc8 31. Kf2 Kb7 32. Ke3 Nb6 33. Kd4 Kc6 34. a4 Nc8 35. Bc5 Kd7 36. Kc3 Kc6 37. d4 Nb6 38. Bxb6 Kxb6 39. Nd3 Kc6 40. Nc5 Be2 41. b4 axb4+ 42. Kxb4 Bf1 43. Ka5 Be2 44. Na6 Bf1 45. Nb4+ Kb7 46. Nc2 Bd3 47. Na3 Kc6 48. Nb5 Bc2 49. Nd6 Bd3 50. Nxf7 Bf5 51. Kb4 Bd3 52. Nd8+ Kd7 53. Nb7 Kc6 54. Nc5 Bf5 55. a5 Bh3 56. a6 Kb6 57. Nd7+ Kxa6 58. Nf8 Bf5 59. Kc5 Kb7 60. Kd6 1-0

[Event "7th Iberoamerican-ch 2019"]
[Site "Linares"]
[Date "2019.08.11"]
[Round "2.39"]
[White "Calzetta Ruiz, Monica"]
[Black "Alvarez Morales, Miguel"]
[Result "1/2-1/2"]
[ECO "B54"]
[WhiteElo "2257"]
[BlackElo "1965"]
[Annotator "NA"]
[PlyCount "51"]
[EventDate "2019.08.10"]
[EventType "swiss"]
[EventCountry "ESP"]
[SourceTitle "playchess.com"]
[Source "ChessBase"]
[SourceQuality "1"]
[TimeControl "5400+30"]

1. e4 c5 2. Nf3 d6 3. d4 cxd4 4. Nxd4 a6 5. Nc3 Qc7 6. Bd3 Nf6 7. Qe2 Nbd7 8. f4 e6 9. g4 Nc5 10. g5 Nfd7 11. Bd2 Be7 12. h4 b5 13. b4 Nxd3+ 14. cxd3 Bb7 15. Rc1 Rc8 16. O-O Qb8 17. a3 g6 18. f5 e5 19. Nb3 Bd8 20. Be3 Qa8 21. Na5 Bxa5 22. bxa5 Nc5 23. Nd5 Bxd5 24. exd5 O-O 25. fxg6 hxg6 26. Qg2 1/2-1/2

[Event "7th Iberoamerican-ch 2019"]
[Site "Linares"]
[Date "2019.08.11"]
[Round "2.40"]
[White "Gines Abad, Pedro"]
[Black "Silva Rodriguez, Fernando"]
[Result "1/2-1/2"]
[ECO "D14"]
[WhiteElo "1964"]
[BlackElo "2270"]
[Annotator "NA"]
[PlyCount "116"]
[EventDate "2019.08.10"]
[EventType "swiss"]
[EventCountry "ESP"]
[SourceTitle "playchess.com"]
[Source "ChessBase"]
[SourceQuality "1"]
[TimeControl "5400+30"]

1. d4 d5 2. Nf3 Nf6 3. c4 c6 4. cxd5 cxd5 5. Bf4 Nc6 6. e3 Bf5 7. Nc3 e6 8. Qb3 Bb4 9. a3 Qa5 10. Rc1 Bxc3+ 11. Qxc3 Qb6 12. b4 Ne4 13. Qb2 O-O 14. Nd2 Rfc8 15. Nxe4 Bxe4 16. f3 Bg6 17. h4 f6 18. h5 Bf7 19. Bd3 e5 20. dxe5 fxe5 21. h6 d4 22. Bg3 g6 23. Rc5 Re8 24. Be4 Rac8 25. Bxc6 Rxc6 26. Rxe5 Rc3 27. Rxe8+ Bxe8 28. O-O Rxe3 29. Bf2 Re7 30. Bxd4 Qe6 31. Bxa7 b6 32. Bb8 Qe3+ 33. Qf2 b5 34. Qxe3 Rxe3 35. Kf2 Rxa3 36. Re1 Kf7 37. Bd6 Ra7 38. Re5 Bc6 39. Ke3 Rd7 40. Bc5 Kf6 41. Re8 g5 42. Rg8 Bd5 43. Bd4+ Kf5 44. g4+ Ke6 45. Rxg5 Rf7 46. f4 Bc4 47. Rg7 Bd5 48. f5+ Kd7 49. g5 Ke8 50. Rxf7 Kxf7 51. g6+ Kg8 52. Kf4 Bb3 53. Kg5 Bc2 54. Kf6 Bd3 55. g7 Bc2 56. Ke6 Bd3 57. f6 Bc4+ 58. Ke7 Bb3 1/2-1/2

[Event "7th Iberoamerican-ch 2019"]
[Site "Linares"]
[Date "2019.08.12"]
[Round "3.3"]
[White "Albornoz Cabrera, Carlos Daniel"]
[Black "Sosa, Tomas"]
[Result "1/2-1/2"]
[ECO "A05"]
[WhiteElo "2566"]
[BlackElo "2516"]
[Annotator "ChessBase"]
[PlyCount "138"]
[EventDate "2019.08.10"]
[EventType "swiss"]
[EventCountry "ESP"]
[SourceTitle "playchess.com"]
[Source "ChessBase"]
[SourceQuality "1"]
[TimeControl "5400+30"]

1. Nf3 Nf6 2. c4 e6 3. Nc3 d5 4. d4 dxc4 5. e4 b5 6. e5 Nd5 7. Nxb5 Nb6 8. Be2 Nc6 9. O-O Be7 10. Be3 O-O 11. Qc1 Ba6 12. Na3 Qd5 13. b3 Bxa3 14. Qxa3 Bb5 15. Rac1 cxb3 16. Bxb5 Qxb5 17. Rc5 Qb4 18. Qxb3 Qxb3 19. axb3 Ne7 20. Rxc7 Nbd5 21. Rc5 Rfb8 22. Nd2 Nf5 23. Re1 h5 24. Kf1 a5 25. Rc4 Nb6 26. Rc2 Nd5 27. Rc4 Nb6 28. Rc5 Nd5 29. Ra1 Ndxe3+ 30. fxe3 Nxe3+ 31. Kf2 Nf5 32. d5 Rd8 33. d6 f6 34. Nc4 fxe5 35. Rd1 Nd4 36. Rxe5 Nxb3 37. d7 a4 38. Rb5 Ra7 39. Ne5 Rc7 40. Ke3 Rc5 41. Rxc5 Nxc5 42. Rc1 Nxd7 43. Rd1 a3 44. Nxd7 a2 45. Ra1 Rxd7 46. Rxa2 Kf7 47. Ke4 Rb7 48. Ra5 Rb4+ 49. Kf3 g6 50. g3 Kf6 51. h3 e5 52. Ra8 Rb3+ 53. Kf2 h4 54. gxh4 Rxh3 55. Rh8 Kf5 56. Kg2 Kg4 57. Rh6 Rg3+ 58. Kf2 Kf4 59. h5 Rh3 60. Rxg6 Rh2+ 61. Ke1 Rxh5 62. Ra6 Rh1+ 63. Ke2 Rh2+ 64. Ke1 Rh3 65. Ke2 Re3+ 66. Kf2 Rb3 67. Ke2 Rb2+ 68. Ke1 e4 69. Ra3 Rb1+ 1/2-1/2

[Event "7th Iberoamerican-ch 2019"]
[Site "Linares"]
[Date "2019.08.12"]
[Round "3.4"]
[White "Zambrana, Oswaldo"]
[Black "Henriquez Villagra, Cristobal"]
[Result "0-1"]
[ECO "C50"]
[WhiteElo "2440"]
[BlackElo "2560"]
[Annotator "ChessBase"]
[PlyCount "88"]
[EventDate "2019.08.10"]
[EventType "swiss"]
[EventCountry "ESP"]
[SourceTitle "playchess.com"]
[Source "ChessBase"]
[SourceQuality "1"]
[TimeControl "5400+30"]

1. e4 e5 2. Nf3 Nc6 3. Bc4 Bc5 4. O-O Nf6 5. d3 d6 6. c3 a6 7. a4 Ba7 8. Be3 O-O 9. Nbd2 Ne7 10. Nh4 d5 11. exd5 Bxe3 12. fxe3 Nexd5 13. Qe2 Ng4 14. Bxd5 Qxd5 15. Nf5 Bxf5 16. Rxf5 Nh6 17. Rf2 Rad8 18. d4 exd4 19. exd4 c5 20. dxc5 Qxc5 21. Nb3 Qg5 22. Nd4 Rfe8 23. Qf3 Rd7 24. h3 Rde7 25. Qf4 Qa5 26. Rf3 Qb6 27. Rg3 Re6 28. Rf1 Rg6 29. Re3 Rf8 30. Re2 Kh8 31. Rfe1 Ng8 32. b4 Nf6 33. Re7 h6 34. Qf3 Qd8 35. Rxb7 Re8 36. Rd1 Qd5 37. Rf1 Re4 38. Rc7 Qg5 39. Rc5 Qd2 40. Rf2 Re1+ 41. Rf1 Ne4 42. Rc8+ Kh7 43. Rxe1 Qxe1+ 44. Kh2 Ng3 0-1

[Event "7th Iberoamerican-ch 2019"]
[Site "Linares"]
[Date "2019.08.12"]
[Round "3.5"]
[White "Cruz, Cristhian"]
[Black "Huerga Leache, Mikel"]
[Result "1/2-1/2"]
[ECO "A15"]
[WhiteElo "2562"]
[BlackElo "2440"]
[Annotator "ChessBase"]
[PlyCount "86"]
[EventDate "2019.08.10"]
[EventType "swiss"]
[EventCountry "ESP"]
[SourceTitle "playchess.com"]
[Source "ChessBase"]
[SourceQuality "1"]
[TimeControl "5400+30"]

1. c4 Nf6 2. g3 e5 3. Bg2 c6 4. d4 e4 5. Nc3 d5 6. Bg5 Bb4 7. Nh3 Nbd7 8. O-O h6 9. Bd2 Bxc3 10. Bxc3 O-O 11. cxd5 cxd5 12. f3 Re8 13. Nf2 Nb6 14. b3 Bf5 15. Rc1 Qd6 16. Bb2 Re7 17. Rc3 Rc8 18. fxe4 Nxe4 19. Rxc8+ Nxc8 20. Nd3 Bh7 21. Qc1 Rc7 22. Qf4 Qxf4 23. Nxf4 Nb6 24. Rc1 Rxc1+ 25. Bxc1 g5 26. Nd3 Nc3 27. Kf2 Be4 28. Bh3 f5 29. Bd2 Nb5 30. Nc5 Nd6 31. Ke1 Nbc8 32. Bf1 Kf7 33. h4 Kg6 34. hxg5 hxg5 35. Ne6 Nf7 36. Kd1 Kf6 37. Nc5 Ncd6 38. Nd7+ Ke7 39. Ne5 Ke6 40. Nf3 Kf6 41. Ne5 Ke6 42. Nf3 Kf6 43. Ne5 Ke6 1/2-1/2

[Event "7th Iberoamerican-ch 2019"]
[Site "Linares"]
[Date "2019.08.12"]
[Round "3.7"]
[White "Cuenca Jimenez, Jose Fernando"]
[Black "Plazuelo Pascual, Juan"]
[Result "0-1"]
[ECO "B10"]
[WhiteElo "2534"]
[BlackElo "2403"]
[Annotator "ChessBase"]
[PlyCount "56"]
[EventDate "2019.08.10"]
[EventType "swiss"]
[EventCountry "ESP"]
[SourceTitle "playchess.com"]
[Source "ChessBase"]
[SourceQuality "1"]
[TimeControl "5400+30"]

1. e4 c6 2. c4 d5 3. exd5 cxd5 4. cxd5 Nf6 5. Nc3 Nxd5 6. Nf3 Nc6 7. Bb5 g6 8. Qb3 Be6 9. Ng5 Qd7 10. Nxe6 Qxe6+ 11. Kf1 O-O-O 12. Nxd5 Qxd5 13. Qxd5 Rxd5 14. Bc4 Rd6 15. d3 Bg7 16. Rb1 Ne5 17. Be3 Nxd3 18. Ke2 Nxb2 19. Bxf7 Na4 20. Rhc1+ Nc3+ 21. Rxc3+ Bxc3 22. Rc1 Rc6 23. Rxc3 Rxc3 24. Bd4 Rc2+ 25. Ke3 Rd8 26. Bxa7 Rd6 27. Bd4 Rxd4 28. Kxd4 Rxf2 0-1

[Event "7th Iberoamerican-ch 2019"]
[Site "Linares"]
[Date "2019.08.12"]
[Round "3.10"]
[White "Del Rio De Angelis, Salvador G."]
[Black "Salgado Lopez, Ivan"]
[Result "1/2-1/2"]
[ECO "E47"]
[WhiteElo "2464"]
[BlackElo "2596"]
[Annotator "ChessBase"]
[PlyCount "74"]
[EventDate "2019.08.10"]
[EventType "swiss"]
[EventCountry "ESP"]
[SourceTitle "playchess.com"]
[Source "ChessBase"]
[SourceQuality "1"]
[TimeControl "5400+30"]

1. d4 Nf6 2. c4 e6 3. Nc3 Bb4 4. e3 O-O 5. Bd3 c5 6. Nge2 cxd4 7. exd4 d5 8. cxd5 Nxd5 9. O-O Nf6 10. Bc2 Nc6 11. a3 Bxc3 12. bxc3 Qa5 13. c4 Rd8 14. Bb2 Qh5 15. Qe1 b6 16. d5 exd5 17. Nf4 Qh4 18. Nxd5 Be6 19. Nxf6+ gxf6 20. Qe4 Qxe4 21. Bxe4 Rd6 22. Rac1 Rc8 23. Bxf6 Nd4 24. Rfd1 Ne2+ 25. Kf1 Ng3+ 26. hxg3 Bxc4+ 27. Kg1 Rxf6 28. Rd7 a6 29. Bd5 b5 30. Rc3 Rb8 31. Bxc4 bxc4 32. Rxc4 Rb1+ 33. Kh2 Rxf2 34. Rd8+ Kg7 35. Rg4+ Kf6 36. Rf4+ Rxf4 37. gxf4 Kf5 1/2-1/2

[Event "7th Iberoamerican-ch 2019"]
[Site "Linares"]
[Date "2019.08.12"]
[Round "3.11"]
[White "Damaso, Rui"]
[Black "Vazquez Igarza, Renier"]
[Result "0-1"]
[ECO "A01"]
[WhiteElo "2425"]
[BlackElo "2558"]
[Annotator "ChessBase"]
[PlyCount "58"]
[EventDate "2019.08.10"]
[EventType "swiss"]
[EventCountry "ESP"]
[SourceTitle "playchess.com"]
[Source "ChessBase"]
[SourceQuality "1"]
[TimeControl "5400+30"]

1. b3 e5 2. Bb2 Nc6 3. Nf3 e4 4. Nd4 Nf6 5. e3 Bc5 6. Nf5 g6 7. Ng3 d5 8. d3 O-O 9. dxe4 Nxe4 10. Nxe4 dxe4 11. Be2 Qg5 12. Kf1 Rd8 13. Qe1 Bb4 14. Nc3 Qh4 15. a3 Bf8 16. f4 Qe7 17. g4 Bg7 18. h4 h6 19. Rb1 a6 20. h5 g5 21. fxg5 hxg5 22. h6 Be5 23. Qf2 Kh8 24. Bc4 Bxg4 25. Nd5 Qd6 26. Qf6+ Qxf6+ 27. Nxf6 Bf3 28. Rg1 Bxb2 29. Rxb2 Rd6 0-1

[Event "7th Iberoamerican-ch 2019"]
[Site "Linares"]
[Date "2019.08.12"]
[Round "3.13"]
[White "Salinas Herrera, Pablo"]
[Black "Blanco Acevedo, Cristobal Jose"]
[Result "1-0"]
[ECO "B75"]
[WhiteElo "2498"]
[BlackElo "2342"]
[Annotator "ChessBase"]
[PlyCount "103"]
[EventDate "2019.08.10"]
[EventType "swiss"]
[EventCountry "ESP"]
[SourceTitle "playchess.com"]
[Source "ChessBase"]
[SourceQuality "1"]
[TimeControl "5400+30"]

1. e4 c5 2. Nf3 d6 3. d4 cxd4 4. Nxd4 Nf6 5. Nc3 g6 6. Be3 Bg7 7. f3 Nc6 8. Qd2 O-O 9. g4 Bd7 10. O-O-O a6 11. h4 h5 12. gxh5 Nxh5 13. Rg1 Kh7 14. f4 Nxd4 15. Bxd4 e5 16. fxe5 dxe5 17. Bc5 Be6 18. Bxf8 Qxf8 19. Kb1 Bh6 20. Qf2 Rc8 21. Nd5 Nf4 22. c3 b5 23. Qb6 Rb8 24. Qc7 Nxd5 25. exd5 Bf5+ 26. Bd3 e4 27. Bc2 b4 28. h5 bxc3 29. hxg6+ Bxg6 30. Qxc3 Bg7 31. Qh3+ Kg8 32. Bb3 Qd6 33. Qe3 a5 34. Rd2 a4 35. Bxa4 Be5 36. Rc2 Rb4 37. Bb3 Bd4 38. Rc8+ Kg7 39. Qh3 e3+ 40. Ka1 Bxb2+ 41. Kxb2 Qf6+ 42. Ka3 Rxb3+ 43. axb3 Qa6+ 44. Kb4 Qb6+ 45. Kc4 Qa6+ 46. Kc5 Qa5+ 47. Kc6 Qa6+ 48. Kd7 Qb7+ 49. Ke8 e2 50. Qd7 e1=Q+ 51. Rxe1 Qb4 52. Re7 1-0

[Event "7th Iberoamerican-ch 2019"]
[Site "Linares"]
[Date "2019.08.12"]
[Round "3.15"]
[White "Gavarrete, Nahun"]
[Black "Garriga Cazorla, Pere"]
[Result "0-1"]
[ECO "A37"]
[WhiteElo "2344"]
[BlackElo "2495"]
[Annotator "ChessBase"]
[PlyCount "100"]
[EventDate "2019.08.10"]
[EventType "swiss"]
[EventCountry "ESP"]
[SourceTitle "playchess.com"]
[Source "ChessBase"]
[SourceQuality "1"]
[TimeControl "5400+30"]

1. c4 c5 2. Nc3 Nc6 3. g3 g6 4. Bg2 Bg7 5. Nf3 d6 6. O-O e6 7. e3 Nge7 8. d4 O-O 9. dxc5 dxc5 10. Qxd8 Rxd8 11. Rd1 Rxd1+ 12. Nxd1 b6 13. Bd2 Ba6 14. Rc1 Rd8 15. b3 Nb4 16. a3 Nd3 17. Rc2 Nc6 18. Bf1 Bb7 19. Bg2 Ncb4 20. axb4 Nxb4 21. Bxb4 Rxd1+ 22. Be1 Bxf3 23. Bxf3 Rxe1+ 24. Kg2 Rb1 25. Rd2 Rxb3 26. Rd8+ Bf8 27. Bc6 Kg7 28. Be8 Be7 29. Rc8 a6 30. Ra8 b5 31. Ra7 bxc4 32. Rxe7 Kf8 33. Rxf7+ Kxe8 34. Rc7 Rb5 35. Kf3 a5 36. Ke4 a4 37. Ra7 Rb4 38. Ra5 c3+ 39. Kd3 Rc4 40. Kc2 h5 41. Ra7 g5 42. f4 g4 43. e4 Rxe4 44. Kxc3 Re2 45. Kc4 Rxh2 46. Kxc5 Rh3 47. Kd6 Rxg3 48. Kxe6 Re3+ 49. Kf5 a3 50. Kg6 g3 0-1

[Event "7th Iberoamerican-ch 2019"]
[Site "Linares"]
[Date "2019.08.12"]
[Round "3.17"]
[White "Cori, Jorge"]
[Black "Moral Garcia, Serafin"]
[Result "1-0"]
[ECO "A15"]
[WhiteElo "2686"]
[BlackElo "2283"]
[Annotator "RC"]
[PlyCount "101"]
[EventDate "2019.08.10"]
[EventType "swiss"]
[EventCountry "ESP"]
[SourceTitle "playchess.com"]
[Source "ChessBase"]
[SourceQuality "1"]
[TimeControl "5400+30"]

1. c4 Nf6 2. Nf3 g6 3. g3 Bg7 4. Bg2 O-O 5. O-O d6 6. Nc3 c5 7. a3 Nc6 8. Rb1 Ne8 9. d3 Nc7 10. Bd2 a5 11. Ne1 Bd7 12. Nd5 Nxd5 13. cxd5 Na7 14. h4 h5 15. Nf3 Nb5 16. Ng5 Nc7 17. e4 e6 18. dxe6 Nxe6 19. Nxe6 Bxe6 20. Bc3 d5 21. Bxg7 Kxg7 22. Qc2 b6 23. Rbd1 d4 24. f4 Bg4 25. Bf3 Bxf3 26. Rxf3 f5 27. Re1 Qe7 28. Rf2 fxe4 29. dxe4 Qe6 30. Qd3 Rad8 31. Rc2 Qg4 32. Rf1 Qe6 33. Kh2 Rfe8 34. Re1 Re7 35. b3 Ree8 36. b4 axb4 37. axb4 Qe7 38. e5 Rf8 39. bxc5 bxc5 40. Rec1 Rc8 41. Qe4 Rfd8 42. Ra2 Rd6 43. Rca1 Rb6 44. Ra7 Rc7 45. R1a6 Rxa7 46. Rxb6 Ra2+ 47. Kh3 Qd7+ 48. e6 Qc8 49. Qe5+ Kh7 50. Rb8 Re2 51. Rxc8 1-0

[Event "7th Iberoamerican-ch 2019"]
[Site "Linares"]
[Date "2019.08.12"]
[Round "3.20"]
[White "Rodriguez Perez, Angel Mariano"]
[Black "Roselli Mailhe, Bernardo"]
[Result "1-0"]
[ECO "B23"]
[WhiteElo "2223"]
[BlackElo "2471"]
[Annotator "ChessBase"]
[PlyCount "103"]
[EventDate "2019.08.10"]
[EventType "swiss"]
[EventCountry "ESP"]
[SourceTitle "playchess.com"]
[Source "ChessBase"]
[SourceQuality "1"]
[TimeControl "5400+30"]

1. e4 c5 2. Nc3 e6 3. g3 Nc6 4. Bg2 Nf6 5. Nge2 d5 6. exd5 exd5 7. d4 cxd4 8. Nxd4 Be7 9. O-O O-O 10. h3 a6 11. Nce2 Re8 12. c3 Ne4 13. Nf4 Bf6 14. Nb3 Ne7 15. Be3 Nf5 16. Bd4 Nxd4 17. Nxd4 Be5 18. Nde2 Nf6 19. Qb3 Be6 20. Nxe6 Rxe6 21. Rfe1 Rb6 22. Qc2 Qd7 23. Rab1 Re8 24. Qd2 Rbe6 25. Kh2 Qe7 26. Red1 h5 27. Nf4 Rd6 28. Nxd5 Nxd5 29. Bxd5 h4 30. c4 hxg3+ 31. fxg3 Qh4 32. Qg2 Rg6 33. Rd3 Bc7 34. Rf1 Rf6 35. Rxf6 gxf6 36. Bxf7+ Kxf7 37. Rd7+ Kg6 38. Rxc7 Qd4 39. Qc2+ f5 40. Rxb7 Re1 41. Qg2 Re6 42. Rc7 Qd6 43. Rc8 Qd7 44. Rc5 Qe8 45. Qf3 Re2+ 46. Kg1 Qe4 47. Rc6+ Kg7 48. Qxe4 fxe4 49. Rxa6 Kf7 50. b4 e3 51. Kf1 Rb2 52. a3 1-0

[Event "7th Iberoamerican-ch 2019"]
[Site "Linares"]
[Date "2019.08.12"]
[Round "3.22"]
[White "Perera Borrego, Maria Adela"]
[Black "Fluvia Poyatos, Jordi"]
[Result "0-1"]
[ECO "D02"]
[WhiteElo "2179"]
[BlackElo "2455"]
[Annotator "RC"]
[PlyCount "162"]
[EventDate "2019.08.10"]
[EventType "swiss"]
[EventCountry "ESP"]
[SourceTitle "playchess.com"]
[Source "ChessBase"]
[SourceQuality "1"]
[TimeControl "5400+30"]

1. d4 d5 2. Nf3 Nc6 3. e3 Bg4 4. h3 Bxf3 5. Qxf3 e5 6. Qd1 exd4 7. exd4 Qf6 8. c3 Bd6 9. Be2 Nge7 10. Nd2 g5 11. Nf1 Nf5 12. Ne3 Nce7 13. Qd3 Nxe3 14. Bxe3 O-O-O 15. O-O-O Kb8 16. g3 Nf5 17. Bd2 Ne7 18. Rdf1 Ng6 19. Kb1 c6 20. Be3 Rde8 21. Bc1 h5 22. Bd1 h4 23. b4 Ne7 24. Bc2 Nc8 25. a4 Bc7 26. Rhg1 Reg8 27. f4 gxf4 28. g4 Re8 29. Qf3 Re7 30. g5 Qd6 31. Rg4 Qe6 32. Bxf4 Bxf4 33. Qxf4+ Ka8 34. Qf6 Qe2 35. Rgf4 Rg8 36. a5 a6 37. R4f3 Qd2 38. Qf4 Qxf4 39. Rxf4 Nd6 40. Rf6 Nb5 41. Rxf7 Rxf7 42. Rxf7 Rxg5 43. Bf5 Rg1+ 44. Kb2 Rg2+ 45. Kc1 Rg3 46. Kd2 Nxc3 47. Rh7 Nb5 48. Rxh4 Rf3 49. Be6 Rf6 50. Bd7 Rf7 51. Be6 Rf6 52. Bd7 Nd6 53. Rh8+ Ka7 54. Rh7 Kb8 55. h4 Rf4 56. Ke3 Re4+ 57. Kd3 Nb5 58. Rh8+ Kc7 59. Bf5 Rxd4+ 60. Ke3 Kd6 61. Rh6+ Ke5 62. Bc8 Re4+ 63. Kd3 Rxb4 64. Bxb7 Rb3+ 65. Kd2 Nd6 66. Bxc6 Ne4+ 67. Kc2 Rc3+ 68. Kb2 Rc5 69. Kb3 Rxa5 70. Kb4 Rc5 71. Rh5+ Kf4 72. Bd7 a5+ 73. Kb3 d4 74. Rh8 d3 75. Rf8+ Ke3 76. Bg4 d2 77. h5 Nf2 78. Re8+ Kd4 79. Bf3 Rc3+ 80. Kb2 Rxf3 81. Rd8+ Ke3 0-1

[Event "7th Iberoamerican-ch 2019"]
[Site "Linares"]
[Date "2019.08.12"]
[Round "3.23"]
[White "Gines Esteo, Pedro Antonio"]
[Black "Romero Berruezo, Francisco"]
[Result "1/2-1/2"]
[ECO "D12"]
[WhiteElo "2404"]
[BlackElo "2161"]
[Annotator "NA"]
[PlyCount "136"]
[EventDate "2019.08.10"]
[EventType "swiss"]
[EventCountry "ESP"]
[SourceTitle "playchess.com"]
[Source "ChessBase"]
[SourceQuality "1"]
[TimeControl "5400+30"]

1. Nf3 d5 2. e3 Nf6 3. c4 c6 4. d4 Bf5 5. Nc3 e6 6. Nh4 Bg6 7. Qb3 Qc7 8. Bd2 Nbd7 9. Nxg6 hxg6 10. g3 Be7 11. Bg2 O-O 12. O-O Qb6 13. Rfd1 Rfe8 14. f4 Reb8 15. Bf3 Qd8 16. Qc2 b5 17. b3 bxc4 18. bxc4 Nb6 19. c5 Nc4 20. Na4 Rb7 21. h4 Rab8 22. Kg2 Nb2 23. Re1 Ne4 24. Re2 Nxd2 25. Rxd2 Qa5 26. Nxb2 Qxd2+ 27. Qxd2 Rxb2 28. Rd1 Bd8 29. Kf1 Rxd2 30. Rxd2 Rb1+ 31. Bd1 Kf8 32. Ke2 Ke8 33. Bc2 Rh1 34. Ba4 Kd7 35. Kf3 Rb1 36. Rh2 Rf1+ 37. Ke2 Rb1 38. Kf3 Rf1+ 39. Ke2 Rb1 40. Kf3 Rf1+ 41. Rf2 Rxf2+ 42. Kxf2 f5 43. Kf3 Be7 44. Bd1 Bd8 45. Kf2 Be7 46. Ke1 Bd8 47. Ke2 Be7 48. Kf2 Bd8 49. Kg2 Ba5 50. h5 gxh5 51. Bxh5 Bd8 52. g4 fxg4 53. Kg3 g5 54. Kxg4 gxf4 55. Kxf4 Bf6 56. Bg4 Ke7 57. Bh3 Bh4 58. Bg4 Bf6 59. Bd1 Kd7 60. Ba4 Kc7 61. Kg4 Kd7 62. Kf4 Kc7 63. Bd1 Kd7 64. Bg4 Ke7 65. Kf3 e5 66. dxe5 Bxe5 67. e4 dxe4+ 68. Kxe4 Bh2 1/2-1/2

[Event "7th Iberoamerican-ch 2019"]
[Site "Linares"]
[Date "2019.08.12"]
[Round "3.24"]
[White "Cori T., Deysi"]
[Black "Gomez Barrera, Javiera Belen"]
[Result "1-0"]
[ECO "A49"]
[WhiteElo "2405"]
[BlackElo "2156"]
[Annotator "NA"]
[PlyCount "67"]
[EventDate "2019.08.10"]
[EventType "swiss"]
[EventCountry "ESP"]
[SourceTitle "playchess.com"]
[Source "ChessBase"]
[SourceQuality "1"]
[TimeControl "5400+30"]

1. d4 Nf6 2. Nf3 g6 3. g3 Bg7 4. Bg2 O-O 5. O-O d6 6. b3 e5 7. dxe5 dxe5 8. Bb2 e4 9. Nd4 a6 10. b4 Qe7 11. a3 Nbd7 12. c4 c5 13. Nb3 Rd8 14. Qc2 cxb4 15. axb4 Ne5 16. Nc5 Bf5 17. Qb3 Nc6 18. Nc3 a5 19. Rfc1 Nxb4 20. N5a4 Ra6 21. Nb5 Ne8 22. Bxg7 Nxg7 23. Qe3 Rc6 24. h3 Qe5 25. Rd1 Re8 26. Qa7 Ne6 27. Qxb7 Nc5 28. Nxc5 Qxc5 29. Rxa5 Re7 30. Qb8+ Kg7 31. Rd8 Qxc4 32. Nd4 Rc5 33. Rg8+ Kf6 34. Qd6+ 1-0

[Event "7th Iberoamerican-ch 2019"]
[Site "Linares"]
[Date "2019.08.12"]
[Round "3.25"]
[White "Rodriguez Del Cerro, Ricardo"]
[Black "Lopez Mulet, Inigo"]
[Result "1-0"]
[ECO "A37"]
[WhiteElo "2235"]
[BlackElo "2378"]
[Annotator "NA"]
[PlyCount "51"]
[EventDate "2019.08.10"]
[EventType "swiss"]
[EventCountry "ESP"]
[SourceTitle "playchess.com"]
[Source "ChessBase"]
[SourceQuality "1"]
[TimeControl "5400+30"]

1. Nf3 c5 2. c4 Nc6 3. Nc3 g6 4. g3 Bg7 5. Bg2 d6 6. O-O Bf5 7. b3 Qd7 8. Bb2 Bh3 9. Qc1 e5 10. Nd5 Rc8 11. Bxh3 Qxh3 12. Ng5 Qg4 13. f4 Nf6 14. fxe5 Nxd5 15. cxd5 Nd4 16. Bxd4 cxd4 17. Qa3 O-O 18. Nxf7 Rxf7 19. Rxf7 Kxf7 20. Qxd6 Rf8 21. e6+ Kg8 22. e7 Re8 23. Qd8 Qc8 24. Qxc8 Rxc8 25. d6 d3 26. d7 1-0

[Event "7th Iberoamerican-ch 2019"]
[Site "Linares"]
[Date "2019.08.12"]
[Round "3.27"]
[White "Fernandez Ayuso, Sergio"]
[Black "Valenzuela Gomez, Fernando"]
[Result "0-1"]
[ECO "B08"]
[WhiteElo "2173"]
[BlackElo "2394"]
[Annotator "NA"]
[PlyCount "72"]
[EventDate "2019.08.10"]
[EventType "swiss"]
[EventCountry "ESP"]
[SourceTitle "playchess.com"]
[Source "ChessBase"]
[SourceQuality "1"]
[TimeControl "5400+30"]

1. d4 g6 2. Nf3 Bg7 3. e4 d6 4. Be2 Nf6 5. Nc3 O-O 6. O-O Nc6 7. h3 a6 8. a4 b6 9. Be3 e6 10. Rb1 Nb4 11. Ne1 Bb7 12. Nd3 a5 13. f3 Nh5 14. Qd2 e5 15. dxe5 dxe5 16. Nb5 Qe7 17. Rfd1 Rad8 18. Qc3 c5 19. Nxb4 axb4 20. Qe1 Nf4 21. Bf1 Bc8 22. Rxd8 Rxd8 23. Rd1 Bh6 24. Rxd8+ Qxd8 25. Kh2 Bg5 26. Qc1 Ne6 27. Bxg5 Nxg5 28. Qe3 h5 29. Qd3 Qf6 30. Qd2 Bxh3 31. Nc7 Nxf3+ 32. gxf3 Bxf1 33. Qd1 Qf4+ 34. Kg1 Bc4 35. Nd5 Bxd5 36. exd5 Qd4+ 0-1